 Dungeon Crawl Stone Soup version 0.29-a0-330-g52719c12eb (webtiles) character file.

Game seed: 18064818990093125358

3118 MFDOOM the Digger (level 9, -2/81 HPs)
             Began as a Troll Earth Elementalist on May 29, 2022.
             Was a Follower of Vehumet.
             Slain by a yak (13 damage)
             ... on level 8 of the Dungeon.
             The game lasted 00:42:10 (8654 turns).

MFDOOM the Digger (Troll Earth Elementalist)        Turns: 8654, Time: 00:42:10

Health: -2/81      AC:  4    Str: 18    XL:     9   Next: 60%
Magic:  17/17      EV:  9    Int: 21    God:    Vehumet [*.....]
Gold:   394        SH:  0    Dex: 10    Spells: 17/21 levels left

rFire   . . .      SeeInvis .   h - staff of earth
rCold   . . .      Faith    .   (no shield)
rNeg    . . .      Spirit   .   b - +0 robe
rPois   .          Reflect  .   (helmet restricted)
rElec   .          Harm     .   (no cloak)
rCorr   .          Rampage  .   (gloves unavailable)
Will    .....                   (boots unavailable)
Stlth   +.........              (no amulet)
HPRegen 1.03/turn               f - +6 ring of intelligence
MPRegen 0.15/turn               (no ring)

@: no status effects
A: large, unfitting armour, claws 3, regeneration 1, shaggy fur 1, tough skin 1
a: Renounce Religion


You were on level 8 of the Dungeon.
You worshipped Vehumet.
Vehumet was aware of your devotion.
You visited 2 branches of the dungeon, and saw 9 of its levels.

You collected 494 gold pieces.
You spent 100 gold pieces at shops.

Inventory:

Hand Weapons
 q - a +0 spear of freezing
 v - a +0 giant spiked club
 y - a +2 whip of venom
Missiles
 a - 116 stones
 g - 6 boomerangs
 p - 9 poisoned darts (quivered)
Armour
 b - a +0 robe (worn)
 u - a +1 cloak
Magical Staves
 h - a staff of earth (weapon)
Jewellery
 f - a +6 ring of intelligence (left claw)
Wands
 c - a wand of polymorph (9)
 r - a wand of charming (15)
Scrolls
 d - 3 scrolls of blinking
 i - 2 scrolls of teleportation
 j - 2 scrolls of fear
 x - a scroll of enchant armour
 z - a scroll of vulnerability {unknown}
 A - 2 scrolls of magic mapping {unknown}
 C - 2 scrolls of fog
 E - a scroll of amnesia
Potions
 e - 2 potions of degeneration
 k - 2 potions of brilliance
 m - 4 potions of mutation
 o - a potion of berserk rage
 s - a potion of attraction {unknown}
 t - 2 potions of might {unknown}
 w - 3 potions of curing
 B - a potion of flight {unknown}


   Skills:
 - Level 3.0 Fighting
 + Level 3.3 Staves
 - Level 1.5 Dodging
 - Level 1.0 Stealth
 * Level 6.5 Spellcasting
 - Level 0.6 Transmutations
 - Level 7.0 Earth Magic


You had 17 spell levels left.
You knew the following spells:

 Your Spells              Type           Power      Damage    Failure   Level
a - Sandblast             Erth           100%       2d20      1%          1
b - Stone Arrow           Conj/Erth      64%        3d11      7%          3

Your spell library contained the following spells:

 Spells                   Type           Power      Damage    Failure   Level
 Magic Dart               Conj           24%        1d4       10%         1
 Passwall                 Tmut/Erth      28%        N/A       3%          2
 Shock                    Conj/Air       24%        1d4       10%         1
 Corpse Rot               Necr/Air       12%        N/A       14%         2
 Ensorcelled Hibernation  Hex/Ice        12%        N/A       14%         2
 Petrify                  Tmut/Erth      34%        N/A       19%         4
 Animate Armour           Summ/Erth      64%        N/A       22%         4
 Spider Form              Tmut/Pois      8%         N/A       24%         3
 Ignite Poison            Fire/Tmut/Pois 7%         N/A       26%         3
 Conjure Flame            Conj/Fire      6%         6-21      28%         3
 Ozocubu's Armour         Ice            6%         N/A       28%         3
 Swiftness                Air            6%         N/A       28%         3
 Airstrike                Air            3%         N/A       67%         4
 Anguish                  Hex/Necr       3%         N/A       67%         4
 Dispel Undead            Necr           6%         3d8       67%         4
 Sticky Flame             Conj/Fire      6%         2d3       67%         4
 Metabolic Englaciation   Hex/Ice        3%         N/A       95%         5
 Death Channel            Necr           3%         N/A       100%        6
 Simulacrum               Ice/Necr       3%         N/A       100%        6
 Lehudib's Crystal Spear  Conj/Erth      16%        10d5      100%        8


Dungeon Overview and Level Annotations

Branches:
Dungeon (8/15)             Temple (1/1) D:6
   Lair: D:8-11

Altars:
Ashenzari
Cheibriados
Dithmenos
Elyvilon
Fedhas
Gozag
Hepliaklqana
Kikubaaqudgha
Makhleb
Nemelex Xobeh
Okawaru
Qazlal
Ru
Sif Muna
Trog
Uskayaw
Vehumet
Wu Jian
Xom
Yredelemnul
Zin
The Shining One

Shops:
D:3 !   D:7 *


Innate Abilities, Weirdness & Mutations

You are too large for most types of armour.
You have claws for hands.
Your natural rate of healing is unusually fast.
You are covered in fur. (AC +1)
You have tough skin. (AC +1)


Message History

You feel less invigorated.
You feel less confused.
Casting: Sandblast (safe; 1% risk of failure)
Confirm with . or Enter, or press ? or * to list all spells.
Aiming: Sandblast (safe; 1% risk of failure)
Press: ? - help, Shift-Dir - straight line, f/p - yak
Aim: a yak (lightly wounded, 90% to hit)
You feel a surge of power!
The blast of sand hits the yak!
The yak is heavily wounded.
a - 118 stones The yak gores you but does no damage.
Casting: Sandblast (safe; 1% risk of failure)
Confirm with . or Enter, or press ? or * to list all spells.
Aiming: Sandblast (safe; 1% risk of failure)
Press: ? - help, Shift-Dir - straight line, f/p - yak
Aim: a yak (heavily wounded, 90% to hit)
You feel a surge of power!
The blast of sand misses the yak.
a - 117 stones The yak gores you!
* * * LOW HITPOINT WARNING * * *
Casting: Sandblast (safe; 1% risk of failure)
Confirm with . or Enter, or press ? or * to list all spells.
Aiming: Sandblast (safe; 1% risk of failure)
Press: ? - help, Shift-Dir - straight line, f/p - yak
Aim: a yak (heavily wounded, 90% to hit)
You feel a surge of power!
The blast of sand misses the yak.
a - 116 stones The yak gores you!
* * * LOW HITPOINT WARNING * * *
You are confused.
You feel invigorated. The yak gores you!
* * * LOW HITPOINT WARNING * * *
You closely miss the yak.
The yak is heavily wounded.
The yak gores you.
* * * LOW HITPOINT WARNING * * *
You feel less invigorated.
You feel less confused. The yak attacks as you move away! The yak gores you!
You die...

####..... #[..Y..Y..#
#.# #.# #.### #.# #.#..
#.# #.#.# #.# #+# #†#.#
#.# #.# #.#.#####.# #.#
#....Y@...######.######
###.####..........#....
#.# #.#####......#
##.## #.# ###....#.#
#...###.###........#
#.#.........#.#.####
#...###.#####.#.# #####
#.#####.#.# #.......#.#


You could see a yak.

Vanquished Creatures
  Pikel (D:6)
  Eustachio (D:6)
  5 yaks (D:8)
  3 water moccasins
  An orc warrior (D:7)
  A sky beast (D:5)
  2 ogres
  2 centaurs
  2 lemures (D:6)
  A phantom (D:4)
  A kobold brigand (D:8)
  2 bullfrogs (D:7)
  2 scorpions
  3 wights (D:7)
  2 jellies
  A hound (D:3)
  An orc priest (D:7)
  Crazy Yiuf (D:2)
  2 iguanas
  Terence (D:2)
  3 orc wizards
  5 adders
  4 gnolls (D:7)
  An ufetubus (D:2)
  A worm (D:4)
  A dart slug (D:3)
  19 orcs
  11 bats
  4 endoplasms
  3 giant cockroaches
  3 hobgoblins
  10 kobolds
  5 quokkas
  7 ball pythons
  4 frilled lizards
  10 goblins
  4 rats
130 creatures vanquished.

Vanquished Creatures (others)
  A human (D:6)
1 creature vanquished.

Grand Total: 131 creatures vanquished

Notes
Turn   | Place    | Note
-------+----------+-------------------------------------------
     0 | D:1      | MFDOOM the Troll Earth Elementalist began the quest for the
                  | Orb.
     0 | D:1      | Reached XP level 1. HP: 16/16 MP: 1/1
   286 | D:1      | Reached XP level 2. HP: 24/24 MP: 3/3
   826 | D:2      | Reached XP level 3. HP: 4/31 MP: 5/5
  1276 | D:2      | Found a faded altar of an unknown god.
  1334 | D:2      | Noticed Terence
  1450 | D:3      | Reached XP level 4. HP: 36/39 MP: 2/7
  1921 | D:3      | Noticed a centaur
  1931 | D:3      | Killed a centaur
  1932 | D:3      | Reached XP level 5. HP: 8/45 MP: 0/9
  2031 | D:3      | Found Erchuep's Distillery.
  2041 | D:3      | Bought a potion of heal wounds for 50 gold pieces
  2041 | D:3      | Bought a potion of heal wounds for 50 gold pieces
  2500 | D:4      | Learned a level 3 spell: Stone Arrow
  2967 | D:4      | Noticed an ogre
  3277 | D:4      | Noticed a phantom
  3281 | D:4      | Killed a phantom
  3282 | D:4      | Reached XP level 6. HP: 47/53 MP: 5/11
  3591 | D:2      | Found a runed translucent door.
  3592 | D:2      | Noticed Crazy Yiuf
  3599 | D:2      | Killed Crazy Yiuf
  3600 | D:2      | Reached skill level 3 in Earth Magic
  3818 | D:2      | Killed Terence
  3903 | D:4      | Reached skill level 4 in Earth Magic
  3967 | D:5      | Entered Level 5 of the Dungeon
  4399 | D:5      | Noticed a sky beast
  4402 | D:5      | Reached XP level 7. HP: 59/59 MP: 10/12
  4427 | D:5      | Reached skill level 5 in Earth Magic
  5175 | D:6      | Found an ancient bone altar of Kikubaaqudgha.
  5182 | D:6      | Noticed a human
  5187 | D:6      | Killed a human
  5191 | D:6      | Noticed Pikel
  5230 | D:6      | Killed Pikel
  5231 | D:6      | Reached skill level 6 in Earth Magic
  5231 | D:6      | Reached XP level 8. HP: 14/67 MP: 1/14
  5436 | D:6      | Found a staircase to the Ecumenical Temple.
  5492 | Temple   | Entered the Ecumenical Temple
  5815 | Temple   | Became a worshipper of Vehumet
  5991 | D:6      | Noticed Eustachio
  6146 | D:6      | Killed Eustachio
  6147 | D:6      | Reached skill level 5 in Spellcasting
  6147 | D:6      | Reached skill level 7 in Earth Magic
  6778 | D:7      | Reached skill level 1 in Fighting
  6778 | D:7      | Reached skill level 1 in Staves
  7049 | D:7      | Reached XP level 9. HP: 71/79 MP: 6/16
  7168 | D:7      | Found Paoqoava's General Store.
  8451 | D:8      | Reached * piety under Vehumet
  8451 | D:8      | Offered knowledge of Magic Dart by Vehumet.
  8650 | D:8      | HP: 3/81 [yak (9)]
  8654 | D:8      | Slain by a yak

Illustrated notes

Levels and vault maps discovered:
D:1:      lightli_molten_gateway, layout_basic, st_stairs_9,
          hangedman_decor_clover_reticule
D:2:      wad_lake_hut, layout_loops_ring,
          hellmonk_ecumenical_altar_pennies_from_heaven, serial_shops,
          shop_statue, uniq_crazy_yiuf_cottage, uniq_terence
D:3:      layout_loops_cross, serial_shops, nicolae_shop_trees, hex_large
D:4:      layout_loops_ring
D:5:      layout_loops_ring
D:6:      layout_layer_cave, tgw_kikubaaqudgha,
          minmay_temple_entry_statues_fountains, kennysheep_generic_room_13,
          uniq_pikel, uniq_eustachio
D:7:      layout_layer_cave, nicolae_stop_n_shop_1
D:8:      layout_loops_corners, enter_bailey_2
Temple:   roderic_octagonal_lattice_temple

Skill      XL: |  1  2  3  4  5  6  7  8  9 |
---------------+----------------------------+-----
Spellcasting   | 2 3 4 5 6 |  6.5
Earth Magic    | 4 6 7 |  7.0
Fighting       | 1 3 |  3.0
Staves         | 1 3 |  3.3
Dodging        | |  1.5
Stealth        | |  1.0
Transmutations | |  0.6

Action                   |  1- 3 |  4- 6 |  7- 9 || total
-------------------------+-------+-------+-------++-------
Melee: Unarmed           |    90 |    20 |       ||   110
       Punch             |     1 |     3 |     1 ||     5
       Staff             |       |    68 |    80 ||   148
Throw: Dart              |       |       |     3 ||     3
 Cast: Sandblast         |    12 |    66 |    67 ||   145
       Stone Arrow       |       |     4 |    41 ||    45
  Use: Scroll            |     5 |     9 |     1 ||    15
       Potion            |     3 |     3 |     7 ||    13
 Stab: Sleeping          |       |     1 |       ||     1
       Invisible         |       |       |     5 ||     5
Armor: Robe              |    35 |    48 |    26 ||   109
       Skin              |     6 |       |    14 ||    20
Dodge: Dodged            |    46 |    62 |    38 ||   146

Table legend: (Time is in decaauts)
 A = Elapsed time spent in this place.
 B = Non-inter-level travel time spent in this place.
 C = Inter-level travel time spent in this place.
 D = Time resting spent in this place.
 E = Time spent auto-exploring this place.
 F = Levels seen in this place.
 G = Mean time per level.
                   A        B        C        D        E       F      G
               +--------+--------+--------+--------+--------+-----+--------+
         Total |   8725 |   8347 |    378 |   1458 |   5369 |   9 |  969.4 |
       Dungeon |   8378 |   8076 |    302 |   1458 |   5123 |   8 | 1047.2 |
        Temple |    346 |    270 |     76 |      0 |    246 |   1 |  346.0 |
               +--------+--------+--------+--------+--------+-----+--------+

Top non-repeatable levels by time:
     D:7: 1395 daAuts
     D:6: 1319 daAuts
     D:5: 1309 daAuts
     D:4: 1162 daAuts
     D:2: 1090 daAuts
     D:3: 972 daAuts
     D:1: 796 daAuts
  Temple: 346 daAuts
     D:8: 333 daAuts
